 Dungeon Crawl Stone Soup version 0.30-b1-2-g02819fbbbe (webtiles) character file.

Game seed: 590104743821451100

5 MajorAdolf the Sneak (level 1, -2/15 HPs)
             Began as a Naga Wanderer on Dec 31, 2023.
             Slain by a jackal (3 damage)
             ... on level 1 of the Dungeon.
             The game lasted 00:00:20 (43 turns).

MajorAdolf the Sneak (Naga Wanderer)                  Turns: 43, Time: 00:00:20

Health: -2/15      AC:  1    Str: 15    XL:     1   Next: 80%
Magic:  1/1        EV:  9    Int:  9    God:
Gold:   0          SH:  0    Dex: 12    Spells: 0/0 levels left

rFire   . . .        a - +2 falchion
rCold   . . .        (no shield)
rNeg    . . .        f - +0 leather armour
rPois   +            (no helmet)
rElec   .            (no cloak)
rCorr   .            (no gloves)
SInv    +            (no barding)
Will    .....        (no amulet)
Stlth   ++           (no ring)
HPRegen 0.22/turn    (no ring)
MPRegen 0.07/turn

%: no passive effects
@: short of breath, very slow
A: AC +0, large, see invisible, deformed body, poison resistance, slowness 2,
spit poison 1, naga tail 1
a: Spit Poison


You were on level 1 of the Dungeon.
You visited 1 branch of the dungeon, and saw 1 of its levels.

Inventory:

Hand Weapons
 a - a +2 falchion (weapon)
 d - a +0 dagger
Missiles
 c - 9 boomerangs (quivered)
Armour
 f - a +0 leather armour (worn)
Scrolls
 b - a scroll of fog
Potions
 e - a potion of mutation


   Skills:
 + Level 3.2 Long Blades
 - Level 1.0 Throwing
 - Level 1.0 Armour
 + Level 3.4 Stealth
 - Level 2.0 Unarmed Combat
 - Level 1.0 Invocations


You couldn't memorise any spells.
You didn't know any spells.
Your spell library was empty.

Dungeon Overview and Level Annotations

Branches:
Dungeon (1/15)

Altars:


Innate Abilities, Weirdness & Mutations

Your serpentine skin is tough. (AC +0)
You have supernaturally acute eyesight. (SInv)
Armour fits poorly on your strangely shaped body.
Your system is resistant to poisons. (rPois)
You cover ground very slowly.
You can spit poison.
You have a snake-like lower body.


Message History

You are too injured to fight recklessly!
Aiming: Spit Poison (3% risk of failure)
Press: ? - help, Shift-Dir - straight line, f - jackal
Aim: a jackal (43% to hit)
The splash of poison hits the jackal.
The jackal is almost dead.
The jackal closely misses you.
Unknown command.
You hit the jackal.
You kill the jackal!
You hit the jackal but do no damage. The jackal bites you.
The jackal closely misses you.
You hit the jackal.
The jackal is severely wounded.
The jackal completely misses you.
You slash the jackal!
You kill the jackal!
You have got your breath back.
The jackal bites you.
Aiming: Spit Poison (3% risk of failure)
Press: ? - help, Shift-Dir - straight line, f - jackal
Aim: a jackal (43% to hit)
The splash of poison hits the jackal but does no damage.
The jackal completely misses you.
Unknown command.
You closely miss the jackal. The jackal bites you.
The jackal closely misses you.
You slash the jackal!
You kill the jackal!
The jackal barely misses you.
You closely miss the jackal.
The jackal bites you but does no damage.
You closely miss the jackal. The jackal bites you.
* * * LOW HITPOINT WARNING * * *
The jackal bites you.
* * * LOW HITPOINT WARNING * * *
You hit the jackal.
The jackal is severely wounded.
The jackal bites you.
You die...

###### ..?...###
#.....#
#.....######$##
...#...†.h@......#
#...)...######.##
...###...####
#......# #.####.#
... #.# ##.. #[#
#.# ###.# #. #...#


You could see a jackal.

Vanquished Creatures
  A ball python (D:1)
  3 jackals (D:1)
4 creatures vanquished.

Notes
Turn   | Place    | Note
-------+----------+-------------------------------------------
     0 | D:1      | MajorAdolf the Naga Wanderer began the quest for the Orb.
     0 | D:1      | MajorAdolf set off with the following items: a +2 falchion,
                  | a scroll of fog, 9 boomerangs, a +0 dagger, a potion of
                  | mutation, a +0 leather armour.
     0 | D:1      | Reached XP level 1. HP: 15/15 MP: 1/1
    43 | D:1      | Slain by a jackal

Illustrated notes

Levels and vault maps discovered:
D:1:      mrwooster_arrival_arrow, layout_loops_ring,
          shapermc_ecumenical_altar_venn, minmay_distorted

Action                     || total
---------------------------++-------
  Melee: Falchion          ||    13
Ability: Spit Poison       ||     2
 Armour: Leather armour    ||     1
  Dodge: Dodged            ||    11
